 Dungeon Crawl Stone Soup version 0.29.1-15-g9cfb28693d (webtiles) character file.

Game seed: 9917399468229405840

104192 TittyCrusher the Severer (level 15, -21/119 HPs)
             Began as a Demonspawn Fighter on Mar 6, 2023.
             Was a High Priest of Makhleb.
             Succumbed to a redback's poison
             ... on level 1 of the Spider Nest.
             The game lasted 01:46:03 (32658 turns).

TittyCrusher the Severer (Demonspawn Fighter)      Turns: 32658, Time: 01:46:03

Health: -21/119    AC: 13    Str: 23    XL:     15   Next: 91%
Magic:  26/26      EV: 10    Int:  9    God:    Makhleb [*****.]
Gold:   640        SH:  4    Dex: 20    Spells: 14/14 levels left

rFire   . . .      SeeInvis .   a - +6 battleaxe (elec)
rCold   . . .      Faith    +   (shield currently unavailable)
rNeg    . . .      Spirit   .   q - +2 plate armour {Will+}
rPois   .          Reflect  .   l - +2 helmet
rElec   .          Harm     .   x - +1 cloak
rCorr   .          Rampage  .   (gloves unavailable)
Will    ++...                   X - +0 pair of boots
Stlth   ..........              H - amulet of faith
HPRegen 0.29/turn               j - +6 ring of dexterity
MPRegen 0.20/turn               v - +4 ring of protection

@: lethally poisoned (-21 -> -124), corroded
A: slimy green scales 2, condensation shield, demonic magic 2, demonic touch 3
a: Renounce Religion, Minor Destruction, Lesser Servant of Makhleb, Major
Destruction, Greater Servant of Makhleb


You were on level 1 of the Spider Nest.
You worshipped Makhleb.
Makhleb was extremely pleased with you.
You visited 5 branches of the dungeon, and saw 24 of its levels.
You also visited: Ossuary.

You collected 1844 gold pieces.
You spent 1204 gold pieces at shops.

Inventory:

Hand Weapons
 a - a +6 battleaxe of electrocution (weapon)
 b - a +2 broad axe of flaming
 V - the +5 rapier of Distant Worlds {venom, rElec rN+}
   (You found it on level 1 of the Lair of Beasts)

   It poisons the flesh of those it strikes.
   rElec:     It insulates you from electricity.
   rN:        It protects you from negative energy.
Missiles
 h - 157 stones (quivered)
 P - 2 throwing nets
Armour
 c - a +0 plate armour of cold resistance
 l - a +2 helmet (worn)
 q - a +2 plate armour of willpower (worn)
 x - a +1 cloak (worn)
 U - a +2 scale mail of fire resistance
 X - a +0 pair of boots (worn)
Jewellery
 f - a ring of fire
 g - a ring of positive energy
 j - a +6 ring of dexterity (left hand)
 v - a +4 ring of protection (right hand)
 A - a ring of positive energy
 C - a ring of flight
 G - a ring of protection from cold
 H - an amulet of faith (around neck)
 I - a ring of protection from fire
 S - the ring of Giowic {Fly Dex+2 SInv}
   (You found it on level 2 of the Orcish Mines)

   [ring of see invisible]

   Dex:       It affects your dexterity (+2).
   SInv:      It lets you see invisible.
   Fly:       It grants you flight.
 T - a ring of ice
 Z - an amulet of guardian spirit
Wands
 J - a wand of flame (51)
 N - a wand of mindburst (3)
 Q - a wand of acid (1)
 W - a wand of charming (11)
Scrolls
 k - 3 scrolls of silence
 m - 4 scrolls of fog
 o - 8 scrolls of teleportation
 p - 3 scrolls of enchant armour
 t - a scroll of poison
 w - 2 scrolls of brand weapon
 y - 4 scrolls of identify
 D - 4 scrolls of immolation
 E - a scroll of magic mapping
 L - 4 scrolls of vulnerability
 O - a scroll of enchant weapon
Potions
 n - a potion of brilliance
 r - 2 potions of attraction
 s - 3 potions of mutation
 z - a potion of resistance
 B - 9 potions of flight
 F - 2 potions of haste
 K - 2 potions of might
 M - 2 potions of lignification
 Y - a potion of berserk rage


   Skills:
 + Level 11.4 Fighting
 - Level 20.0 Axes
 - Level 7.6 Armour
 - Level 6.8 Dodging
 - Level 2.6 Shields
 - Level 14.8 Invocations


You had 14 spell levels left.
You didn't know any spells.
Your spell library contained the following spells:

 Spells                   Type           Power      Damage    Failure   Level
 Magic Dart               Conj           0%         1d3       99%         1
 Shock                    Conj/Air       0%         1d3       99%         1
 Call Imp                 Summ           0%         N/A       100%        2
 Ensorcelled Hibernation  Hex/Ice        0%         N/A       100%        2
 Passwall                 Tmut/Erth      0%         N/A       100%        2
 Scorch                   Fire           0%         2d5       100%        2
 Inner Flame              Hex/Fire       0%         N/A       100%        3
 Mephitic Cloud           Conj/Pois/Air  0%         N/A       100%        3
 Ozocubu's Armour         Ice            0%         N/A       100%        3
 Portal Projectile        Hex/Tloc       0%         N/A       100%        3
 Swiftness                Air            0%         N/A       100%        3
 Tukima's Dance           Hex            0%         N/A       100%        3
 Airstrike                Air            0%         2d(0-16)  100%        4
 Flame Wave               Conj/Fire      0%         2d4       100%        4
 Hailstorm                Conj/Ice       0%         3d3       100%        4
 Ice Form                 Ice/Tmut       0%         N/A       100%        4
 Blade Hands              Tmut           0%         N/A       100%        5
 Metabolic Englaciation   Hex/Ice        0%         N/A       100%        5
 Simulacrum               Ice/Necr       0%         N/A       100%        6
 Summon Cactus Giant      Summ           0%         N/A       100%        6
 Borgnjor's Revivificati  Necr           0%         N/A       100%        8
 Discord                  Hex            0%         N/A       100%        8
 Necromutation            Tmut/Necr      0%         N/A       100%        8
 Death's Door             Necr           0%         N/A       100%        9


Dungeon Overview and Level Annotations

Branches:
Dungeon (15/15) Temple (1/1) D:6 Lair (5/5) D:10 Shoals (0/4) Lair:2 Spider (1/4) Lair:2 Slime (0/5) Lair:4 Orc (2/2) D:11 Elf (0/3) Orc:2 Vaults (0/5) D:12 D:13 Ossuary (visited) Depths: D:15

Altars:
Ashenzari
Cheibriados
Dithmenos
Fedhas
Gozag
Hepliaklqana
Kikubaaqudgha
Makhleb
Nemelex Xobeh
Okawaru
Qazlal
Ru
Sif Muna
Trog
Uskayaw
Vehumet
Wu Jian
Xom
Yredelemnul

Shops:
D:5 *   D:6 *   D:9 *   D:14 *   Orc:1 (   Orc:2 ![*:

Annotations:
D:7 exclusion: downstairs
D:8 1 runed translucent door, 2 exclusions, hawla's ghost, novice MeFE
D:9 3 runed translucent doors, nonceun's ghost, novice MiBe; valliere's ghost, novice OpVM
D:12 1 transporter
Lair:1 exclusion: 3 oklob plants
Lair:4 1 runed translucent door, exclusion: downstairs, Manay's ghost, journeyman DsDe
Orc:1 exclusion: downstairs


Innate Abilities, Weirdness & Mutations

You are mostly covered in slimy green scales. (AC +3)
A meltable shield of frost defends you. (SH +4)
Spells you cast may paralyse nearby enemies.
Your touch may irresistibly damage your foes and sap their willpower.


Message History

You are poisoned.
The redback poisons you! You block the entropy weaver's attack.
The entropy weaver hits you but does no damage. x2
The entropy weaver hits you. The redback bites you.
Unknown command.
As you read the scroll of teleportation, it crumbles to dust.
You feel strangely unstable.
You feel extremely sick. The redback bites you!
You are more poisoned.
The redback poisons you!
The entropy weaver hits you but does no damage. x2
You block the entropy weaver's attack.
The entropy weaver hits you but does no damage.
Unknown command.
You feel much better.
* * * LOW HITPOINT WARNING * * *
You feel extremely sick. The redback closely misses you.
The entropy weaver casts a spell at you.
The entropic weave corrodes you! The redback misses you.
Unknown command.
Unknown command.
Unknown command.
Okay, then.
* * * LOW HITPOINT WARNING * * *
You feel extremely sick.
Unknown command.
Unknown command.
* * * LOW HITPOINT WARNING * * *
You feel extremely sick.
The entropy weaver gestures at you while chanting.
The entropic weave corrodes you! The redback bites you!
* * * LOW HITPOINT WARNING * * *
You are more poisoned.
The redback poisons you!
Unknown command.
Okay, then.
Your surroundings suddenly seem different.
You die...

...##..B.. ....##....
.....#^... .......††.
#.....?..† ..>####...
### ###...... #.##
!.....s...† #@.#
.....s....† .........#
.^...†...†# ...........
....:.#...#
.....#.......^..sB##..^#
..#..#...###..#..##....#
. #. ##### .#..#.....# #
# #.....# ...#[.#


There were no monsters in sight!

Vanquished Creatures
  2 orc warlords
  A broodmother (Spider:1)
  Nessos (D:14)
  2 boulder beetles
  7 hydras
  An ogre mage (D:15)
  3 centaur warriors
  2 radroaches (Spider:1)
  A death knight (D:14)
  A tengu warrior (D:14)
  5 orc high priests (Orc:2)
  10 two-headed ogres
  2 goliath frogs (Lair:5)
  6 skeletal warriors
  A steelbarb worm (Spider:1)
  An orb spider (Spider:1)
  3 deep elf pyromancers
  7 orc knights
  4 manticores
  6 orc sorcerers
  3 wolf spiders
  3 cyclopes
  9 elephants
  4 black mambas
  A gargoyle (D:11)
  20 cane toads
  6 orange demons
  A torpor snail (Lair:5)
  2 rime drakes (Lair:5)
  An unseen horror (D:13)
  2 demonic crawlers (Spider:1)
  8 komodo dragons
  2 meliai (D:15)
  4 red devils
  5 trolls
  5 polar bears
  A tarantella (Spider:1)
  3 tyrant leeches (Lair:5)
  19 blink frogs
  12 slime creatures
  11 jumping spiders
  3 vampires
  4 culicivoras
  5 basilisks
  2 wraiths
  12 humans
  A steam dragon (Lair:3)
  7 wyverns
  62 yaks
  11 vampire mosquitoes
  7 redbacks (Spider:1)
  Menkaure (D:4)
  3 wargs (Orc:2)
  2 acid dragons
  12 water moccasins
  4 black bears
  An ice beast (D:6)
  A sky beast (D:7)
  45 orc warriors
  13 ogres
  23 centaurs
  6 kobold brigands
  19 bullfrogs
  A gnoll sergeant (D:8)
  4 scorpions
  3 necrophages
  14 wights
  8 killer bees
  6 hounds
  A jelly (D:7)
  27 orc priests
  7 iguanas
  29 orc wizards
  A mummy (Ossuary)
  7 adders
  12 gnolls
  2 shadow imps
  A white imp (D:6)
  An ufetubus (D:6)
  A worm (D:2)
  A dart slug (D:2)
  98 orcs
  13 endoplasms
  7 giant cockroaches
  8 goblins
  3 hobgoblins
  4 jackals (D:2)
  5 bats
  5 frilled lizards
  4 gnoll skeletons (Ossuary)
  29 kobolds
  8 kobold skeletons (Ossuary)
  13 orc skeletons (Ossuary)
  7 rats
762 creatures vanquished.

Vanquished Creatures (collateral kills)
  Rupert (D:12)
  An emperor scorpion (Spider:1)
  Louise (D:14)
  Erolcha (Orc:1)
  A two-headed ogre (D:13)
  Urug (D:13)
  A sun moth (Spider:1)
  A cane toad (Lair:5)
  A demonic crawler (Spider:1)
  A komodo dragon (D:12)
  2 trolls (Orc:1)
  2 tarantellas (Spider:1)
  4 humans (D:13)
  A wraith (D:12)
  2 redbacks (Spider:1)
  A water moccasin (Lair:5)
  5 orc warriors (Orc:1)
  A bullfrog (Lair:5)
  9 orcs (Orc:1)
37 creatures vanquished.

Vanquished Creatures (others)
  A redback (Spider:1)
  An orc warrior (Orc:1)
  24 fungi
  94 plants
  6 withered plants (D:9)
126 creatures vanquished.

Grand Total: 925 creatures vanquished

Notes
Turn   | Place    | Note
-------+----------+-------------------------------------------
     0 | D:1      | TittyCrusher the Demonspawn Fighter began the quest for the
                  | Orb.
     0 | D:1      | Reached XP level 1. HP: 18/18 MP: 1/1
   105 | D:1      | Reached skill level 2 in Axes
   288 | D:1      | Gained mutation: Spells you cast may paralyse adjacent
                  | enemies. [demonic ancestry]
   288 | D:1      | Reached XP level 2. HP: 24/24 MP: 2/2
   472 | D:1      | Found a faded altar of an unknown god.
  1193 | D:2      | Reached skill level 3 in Axes
  1587 | D:2      | Reached XP level 3. HP: 29/29 MP: 3/3
  2177 | D:3      | Reached XP level 4. HP: 35/35 MP: 4/4
  2197 | D:3      | Reached skill level 4 in Axes
  2626 | D:4      | Noticed a black bear
  2808 | D:4      | Killed a black bear
  2809 | D:4      | Reached skill level 5 in Axes
  2809 | D:4      | Reached XP level 5. HP: 41/41 MP: 5/5
  3427 | D:4      | Gained mutation: Your touch may inflict minor irresistible
                  | damage on your foes. [demonic ancestry]
  3427 | D:4      | Reached XP level 6. HP: 47/47 MP: 6/6
  3755 | D:4      | Noticed Menkaure
  3814 | D:4      | Killed Menkaure
  3815 | D:4      | Reached skill level 6 in Axes
  4035 | D:5      | Entered Level 5 of the Dungeon
  4297 | D:5      | Reached skill level 7 in Axes
  4297 | D:5      | Gained mutation: You are partially covered in slimy green
                  | scales. (AC +2) [demonic ancestry]
  4297 | D:5      | Reached XP level 7. HP: 48/52 MP: 7/7
  4394 | D:5      | Found Cimawk's Fire Supplies.
  4793 | D:5      | Reached skill level 8 in Axes
  5609 | D:6      | Found a staircase to the Ecumenical Temple.
  5622 | Temple   | Entered the Ecumenical Temple
  5727 | D:6      | Gained mutation: Spells you cast may paralyse nearby
                  | enemies. [demonic ancestry]
  5727 | D:6      | Reached XP level 8. HP: 58/58 MP: 8/8
  5837 | D:6      | Reached skill level 9 in Axes
  6245 | D:6      | Found Neco's Lightly-Used Armoury.
  6601 | D:7      | Found a sand-covered staircase.
  6607 | Ossuary  | Entered an ossuary
  6705 | Ossuary  | Reached skill level 10 in Axes
  7384 | D:7      | Reached XP level 9. HP: 54/63 MP: 9/9
  7390 | D:7      | Reached skill level 11 in Axes
  8690 | D:8      | Noticed a two-headed ogre
  8729 | D:8      | Noticed hawla's ghost (novice MeFE)
  8729 | D:8      | Found a runed translucent door.
  8764 | D:7      | Reached skill level 12 in Axes
  8946 | D:8      | Killed a two-headed ogre
  9120 | D:8      | Found a stormy altar of Qazlal.
  9121 | D:8      | Found a radiant altar of Vehumet.
  9134 | D:8      | Found an opulent altar of Gozag.
  9135 | D:8      | Found a hide-covered altar of Uskayaw.
  9136 | D:8      | Found a shimmering blue altar of Sif Muna.
  9137 | D:8      | Found a sacrificial altar of Ru.
  9231 | D:8      | Reached skill level 13 in Axes
  9601 | D:8      | Reached XP level 10. HP: 51/70 MP: 10/10
  9783 | D:8      | Found a blossoming altar of Fedhas.
  9796 | D:8      | Found a burning altar of Makhleb.
  9803 | D:8      | Became a worshipper of Makhleb the Destroyer
  9999 | D:8      | Identified the +10 war axe "Peraczud" {vorpal, Fragile
                  | Str+4 Dex+6}
 10505 | D:5      | Bought a +2 scale mail of fire resistance for 252 gold
                  | pieces
 10744 | D:9      | Reached skill level 14 in Axes
 10748 | D:9      | You fall into a shaft and drop 3 floors!
 10753 | D:12     | Noticed a skeletal warrior
 10756 | D:12     | Noticed a skeletal warrior
 10763 | D:12     | Noticed a skeletal warrior
 10816 | D:11     | Noticed a cyclops
 10818 | D:11     | Reached * piety under Makhleb
 10824 | D:11     | Killed a cyclops
 10849 | D:10     | Entered Level 10 of the Dungeon
 10934 | D:9      | Noticed a manticore
 10946 | D:9      | Killed a manticore
 11015 | D:9      | Found a runed translucent gate.
 11015 | D:9      | Found a runed translucent gate.
 11015 | D:9      | Found a runed translucent gate.
 11024 | D:9      | Noticed nonceun's ghost (novice MiBe)
 11024 | D:9      | Noticed valliere's ghost (novice OpVM)
 11044 | D:9      | Found Siniagit's Assorted Antiques.
 11542 | D:10     | Reached skill level 5 in Fighting
 11555 | D:10     | Noticed an orange demon
 11555 | D:10     | Noticed an orange demon
 11555 | D:10     | Noticed an orange demon
 11555 | D:10     | Noticed an orange demon
 11595 | D:9      | Killed an orange demon
 11639 | D:10     | Killed an orange demon
 11662 | D:10     | Killed an orange demon
 11882 | D:10     | Reached skill level 15 in Axes
 11882 | D:10     | Gained mutation: You are mostly covered in slimy green
                  | scales. (AC +3) [demonic ancestry]
 11882 | D:10     | Reached XP level 11. HP: 71/79 MP: 11/11
 12014 | D:10     | Reached ** piety under Makhleb
 12202 | D:9      | Bought a potion of might for 128 gold pieces
 12351 | D:10     | Found a staircase to the Lair.
 13599 | Lair:1   | Entered Level 1 of the Lair of Beasts
 13791 | D:9      | Bought a scroll of identify for 64 gold pieces
 13912 | Lair:1   | Reached skill level 16 in Axes
 14090 | Lair:1   | Reached skill level 5 in Armour
 14375 | Lair:1   | Identified the +5 rapier of Distant Worlds {venom, rElec
                  | rN+}
 14501 | Lair:1   | Noticed an oklob plant
 14501 | Lair:1   | Noticed an oklob plant
 14505 | Lair:1   | Noticed an oklob plant
 15195 | Lair:2   | Found a staircase to the Shoals.
 15211 | Lair:2   | Reached *** piety under Makhleb
 15229 | Lair:2   | Gained mutation: Your touch may inflict irresistible damage
                  | on your foes. [demonic ancestry]
 15229 | Lair:2   | Reached XP level 12. HP: 78/86 MP: 12/12
 15279 | Lair:2   | Found a hole to the Spider Nest.
 15290 | Lair:2   | Reached skill level 1 in Dodging
 16197 | Lair:3   | Reached skill level 5 in Dodging
 16651 | Lair:3   | Reached **** piety under Makhleb
 16718 | Lair:4   | Reached skill level 1 in Invocations
 17080 | Lair:4   | Found a runed translucent door.
 17101 | Lair:4   | Found a staircase to the Slime Pits.
 17771 | Lair:4   | Found a shimmering altar of Xom.
 17771 | Lair:4   | Noticed Manay's ghost (journeyman DsDe)
 17835 | Lair:5   | Entered Level 5 of the Lair of Beasts
 18065 | Lair:5   | Noticed a six-headed hydra
 18132 | Lair:5   | Noticed a four-headed hydra
 18191 | Lair:5   | Killed a one-headed hydra
 18192 | Lair:5   | Gained mutation: A meltable shield of frost defends you.
                  | (SH +4) [demonic ancestry]
 18192 | Lair:5   | Reached XP level 13. HP: 72/91 MP: 16/16
 18211 | Lair:5   | Reached skill level 17 in Axes
 18246 | Lair:5   | Reached ***** piety under Makhleb
 18414 | Lair:5   | Reached skill level 5 in Invocations
 18674 | Lair:5   | Reached skill level 10 in Invocations
 19533 | Lair:5   | Reached skill level 18 in Axes
 19687 | Lair:5   | Got the Directory of Graupel and Imprecation
 19703 | Lair:5   | Identified the +1 great sword of Toohuc Lepp {protect,
                  | Str+2}
 20443 | D:11     | Reached ****** piety under Makhleb
 20544 | D:11     | Found a staircase to the Orcish Mines.
 20855 | D:11     | Reached XP level 14. HP: 98/98 MP: 22/22
 21301 | D:12     | Noticed Sonja
 21312 | D:12     | Noticed Sonja
 21312 | D:12     | Sonja changed into Sonja the black bear
 21315 | D:12     | Killed Sonja the black bear
 21547 | D:12     | Noticed Rupert
 21809 | D:12     | Found a transporter.
 21850 | D:13     | Noticed Urug
 21850 | D:13     | Found a gate to the Vaults.
 21863 | D:12     | Reached skill level 19 in Axes
 22236 | Orc:1    | Entered Level 1 of the Orcish Mines
 22362 | Orc:2    | Entered Level 2 of the Orcish Mines
 22786 | Orc:2    | Found Dorhenke's Distillery.
 22805 | Orc:2    | Bought 2 potions of haste for 260 gold pieces
 22805 | Orc:2    | Bought 2 potions of might for 104 gold pieces
 22805 | Orc:2    | Bought a potion of haste for 130 gold pieces
 22925 | Orc:2    | Found Qef Wei's Armour Shoppe.
 23514 | Orc:1    | Found Xuatuck's Weapon Emporium.
 23531 | Orc:1    | Noticed Erolcha
 23539 | Orc:1    | Killed Erolcha
 23688 | Orc:1    | Noticed an orc warlord
 24038 | Orc:1    | Noticed an Executioner
 24497 | Orc:1    | Killed an orc warlord
 24611 | Orc:2    | Paralysed by an orc sorcerer for 2 turns
 24618 | Orc:2    | Paralysed by an orc sorcerer for 5 turns
 24818 | Orc:2    | Identified the ring of Giowic {Fly Dex+2 SInv}
 25014 | Orc:2    | Found a staircase to the Elven Halls.
 25266 | Orc:2    | Reached skill level 20 in Axes
 25336 | Orc:2    | Noticed an orc warlord
 25351 | Orc:2    | Noticed a balrug
 26440 | Orc:2    | Noticed a balrug
 26814 | Orc:2    | Killed an orc warlord
 27547 | Orc:2    | Found Sarudedd's Book Shoppe.
 27593 | Orc:2    | Found Giuwkeg's General Store.
 27602 | Orc:2    | Bought a potion of curing for 39 gold pieces
 27602 | Orc:2    | Bought a potion of might for 52 gold pieces
 28006 | D:12     | Gained mutation: Your touch may irresistibly damage your
                  | foes and sap their willpower. [demonic ancestry]
 28006 | D:12     | Reached XP level 15. HP: 99/103 MP: 25/25
 28265 | D:12     | Killed Rupert
 28691 | D:13     | Killed Urug
 29330 | D:13     | Found a sparkling altar of Nemelex Xobeh.
 29839 | D:14     | Noticed Louise
 29860 | D:14     | Killed Louise
 30190 | D:14     | Identified the +1 plate armour of Mysticism {Fly MP+9}
 30245 | D:14     | Found Puocig's General Store.
 30348 | D:14     | Noticed Nessos
 30356 | D:14     | Killed Nessos
 30667 | D:15     | Entered Level 15 of the Dungeon
 31546 | D:14     | Bought a scroll of blinking for 105 gold pieces
 31546 | D:14     | Bought a potion of heal wounds for 70 gold pieces
 32165 | Spider:1 | Entered Level 1 of the Spider Nest
 32263 | Spider:1 | Reached skill level 10 in Fighting
 32387 | Spider:1 | Noticed an emperor scorpion
 32397 | Spider:1 | Killed an emperor scorpion
 32657 | Spider:1 | HP: 1/119 [redback (7)]
 32658 | Spider:1 | Succumbed to a redback's poison

Illustrated notes

Levels and vault maps discovered:
D:1:      moated_graveyard_arrival, layout_basic,
          ebering_ecumenical_altar_sacrificial, minmay_tromino_i2
D:2:      layout_rooms
D:3:      layout_basic
D:4:      layout_basic, nicolae_tso_carved_into_rock, serial_glass,
          glass_columns_a, glass_columns_b, uniq_menkaure
D:5:      layout_basic, nicolae_shop_fire_sale [nicolae_sub_dead_trees],
          kennysheep_generic_room_2
D:6:      layout_basic, minmay_temple_entry_gardened_gates, minmay_shop_damaged
D:7:      layout_layer_cave, enter_ossuary_2
D:8:      layout_cave_pods, grunt_temple_overflow_open, minitemple,
          hellmonk_ghost_happy_afterlife, chequers_big_river,
          chequers_serial_rivers_micro_b
D:9:      layout_roguey, gammafunk_ghost_cemetery, serial_shops, shop
D:10:     layout_basic, lair_entry_dummy, nrook_loot_triangle,
          hangedman_decor_diamond_cutter, minmay_beelzebubs_servants
D:11:     layout_irregular_city, david_orc_4
D:12:     layout_basic, nicolae_diode_basic, uniq_sonja, uniq_rupert
D:13:     layout_irregular_city, david_vaults_3, nemelex_diamond_rough_becter
D:14:     layout_basic, serial_shops, shop, kennysheep_potato, uniq_nessos,
          uniq_louise
D:15:     grunt_enter_depths_magical_seal, layout_rooms
Temple:   dshaligram_water_room_temple
Lair:1:   dpeg_oklob_gauntlet, layout_long_grid, grunt_megastairs_3
Lair:2:   layout_hall_layers, shoals_dummy_entry, spider_nest_entry_funnel_web,
          grunt_forest_small_clearing_treed, uniq_urug
Lair:3:   layout_misc_corridors, infiniplex_staircase_pool_2
Lair:4:   layout_regular_city, dpeg_slime_entry_corner, ebering_ghost_xom,
          infiniplex_staircase_pool
Lair:5:   minmay_lair_end_frog_pond, layout_cave_pods, gauntlet_entry_generic,
          lemuel_fruit_fields
Spider:1: layout_spider_delve
Orc:1:    cheibrodos_orc_arena, layout_caves, serial_shops,
          nicolae_shop_bloodbath_and_beyond, uniq_erolcha
Orc:2:    pubby_orc_utopia

Skill      XL: |  1  2  3  4  5  6  7  8  9 10 11 12 13 14 15 |
---------------+----------------------------------------------+-----
Axes           | 2 3 5 7 8 10 13 15 16 18 20 | 20.0
Fighting       | 5 11 | 11.4
Armour         | 7 |  7.6
Dodging        | 6 |  6.8
Invocations    | 4 11 13 14 | 14.8
Shields        | |  2.6

Action                   |  1- 3 |  4- 6 |  7- 9 | 10-12 | 13-15 || total
-------------------------+-------+-------+-------+-------+-------++-------
Melee: War axe           |   156 |   100 |   385 |   535 |    63 ||  1239
       Battleaxe         |       |       |       |       |  1169 ||  1169
       Touch             |       |       |       |       |    12 ||    12
 Fire: Sling             |    26 |    17 |       |       |       ||    43
Throw: Dart              |       |       |     7 |       |     1 ||     8
       Stone             |       |       |       |       |     2 ||     2
Invok: Lesser Servant of |       |       |       |       |     9 ||     9
       Minor Destruction |       |       |       |       |     1 ||     1
       Greater Servant o |       |       |       |       |    10 ||    10
Evoke: Wand              |       |       |     5 |     1 |    20 ||    26
  Use: Scroll            |     5 |     4 |    12 |    11 |    17 ||    49
       Potion            |       |     2 |     2 |     8 |    13 ||    25
 Stab: Distracted        |       |       |       |       |     1 ||     1
Armor: Scale mail        |    84 |    46 |   184 |   242 |   339 ||   895
       Skin              |       |       |       |     7 |    10 ||    17
       Plate armour      |       |       |       |       |   304 ||   304
Dodge: Dodged            |    68 |    28 |   129 |   177 |   543 ||   945
Block: Buckler           |    21 |    26 |    63 |   117 |     8 ||   235
       Other             |       |       |       |       |   188 ||   188
